 Dungeon Crawl Stone Soup version 0.28-a0-1182-g381e24db82 (webtiles) character file.

Game seed: 17123317436202820119

177 Fortus the Stinger (level 5, 0/37 HPs)
             Began as a Formicid Venom Mage on Dec 17, 2021.
             Slain by an orc priest (6 damage)
             ... on level 3 of the Dungeon.
             The game lasted 00:09:16 (2973 turns).

Fortus the Stinger (Formicid Venom Mage)            Turns: 2973, Time: 00:09:18

Health: 0/37       AC:  3    Str: 14    XL:     5   Next: 88%
Magic:  3/10       EV: 11    Int: 15    God:
Gold:   40         SH:  0    Dex: 11    Spells: 4/11 levels left

rFire   . . .      SeeInvis +   r - +2 hand axe (vorpal)
rCold   . . .      Faith    .   (no shield)
rNeg    . . .      Spirit   .   b - +0 leather armour
rPois   .          Reflect  .   (helmet unavailable)
rElec   .          Harm     .   (no cloak)
rCorr   .          Rampage  .   (no gloves)
Will    .....                   (no boots)
Stlth   ++........              k - amulet of regeneration
HPRegen 0.92/turn               (no ring)
MPRegen 0.12/turn               (no ring)

@: very slightly contaminated
A: permanent stasis, dig shafts and tunnels, antennae 3, four strong arms
a: Dig, Shaft Self


You were on level 3 of the Dungeon.
You visited 1 branch of the dungeon, and saw 3 of its levels.

You collected 40 gold pieces.

Inventory:

Hand Weapons
 e - a +0 dagger
 h - a +1 dagger of venom
 r - a +2 vorpal hand axe (weapon)
Armour
 a - a +0 robe
 b - a +0 leather armour (worn)
Jewellery
 k - an amulet of regeneration (around neck)
 l - a ring of willpower
Wands
 q - a wand of flame (1)
Scrolls
 c - 2 scrolls of identify {unknown}
 d - 2 scrolls of teleportation {unknown}
 i - a scroll of enchant armour {unknown}
 j - 2 scrolls of enchant weapon {unknown}
 m - 2 scrolls of acquirement {unknown}
 n - a scroll of vulnerability {unknown}
 p - a scroll of magic mapping {unknown}
 s - a scroll of amnesia {unknown}
Potions
 f - a potion of heal wounds {unknown}
 g - a potion of mutation {unknown}
 o - a potion of might {unknown}


   Skills:
 + Level 1.3 Fighting
 * Level 2.0 Axes
 - Level 1.7 Dodging
 - Level 2.4 Stealth
 - Level 3.6 Spellcasting
 - Level 1.1 Transmutations
 + Level 6.0 Poison Magic


You had 4 spell levels left.
You knew the following spells:

 Your Spells              Type           Power      Damage    Failure   Level
a - Sting                 Tmut/Pois      52%        1d5       5%          1
b - Poisonous Vapours     Pois/Air       22%        N/A       11%         2
c - Olgreb's Toxic Radia  Pois           20%        N/A       21%         4

Your spell library contained the following spells:

 Spells                   Type           Power      Damage    Failure   Level
 Mephitic Cloud           Conj/Pois/Air  8%         N/A       32%         3


Dungeon Overview and Level Annotations

Branches:
Dungeon (3/15)

Altars:
Fedhas


Innate Abilities, Weirdness & Mutations

You cannot be hasted, slowed, berserked, paralysed or teleported.
You can dig through walls and to a lower floor.
You have a pair of large antennae on your head. (SInv)
Your four strong arms can wield two-handed weapons with a shield.


Message History

The orc priest is moderately wounded.
The orc priest hits you with a +0 hand axe.
Casting: Sting (safe; 5% risk of failure)
Confirm with . or Enter, or press ? or * to list all spells.
Aiming: Sting (safe; 5% risk of failure)
Press: ? - help, Shift-Dir - straight line, f/p - orc priest
Aim: an orc priest, wielding a +0 hand axe and wearing a +0 ring mail of cold resistance (heavily wounded, extremely poisoned, 75% to hit)
The sting hits the orc priest but does no damage.
The orc priest looks as sick as possible!
The orc priest is heavily wounded.
The orc priest hits you with a +0 hand axe.
You are too injured to fight recklessly!
You are too injured to fight recklessly!
Casting: Sting (safe; 5% risk of failure)
Confirm with . or Enter, or press ? or * to list all spells.
Aiming: Sting (safe; 5% risk of failure)
Press: ? - help, Shift-Dir - straight line, f/p - orc priest
Aim: an orc priest, wielding a +0 hand axe and wearing a +0 ring mail of cold resistance (heavily wounded, extremely poisoned, 75% to hit)
You miscast Sting.
You are very lightly contaminated with residual magic.
Nothing appears to happen.
The orc priest closely misses you.
Casting: Sting (safe; 5% risk of failure)
Confirm with . or Enter, or press ? or * to list all spells.
Aiming: Sting (safe; 5% risk of failure)
Press: ? - help, Shift-Dir - straight line, f/p - orc priest
Aim: an orc priest, wielding a +0 hand axe and wearing a +0 ring mail of cold resistance (severely wounded, extremely poisoned, 75% to hit)
The sting hits the orc priest.
The orc priest looks as sick as possible!
The orc priest is severely wounded.
The orc priest invokes the aid of Beogh against you.
Beogh smites you!
* * * LOW HITPOINT WARNING * * *
Casting: Sting (safe; 5% risk of failure)
Confirm with . or Enter, or press ? or * to list all spells.
Aiming: Sting (safe; 5% risk of failure)
Press: ? - help, Shift-Dir - straight line, f/p - orc priest
Aim: an orc priest, wielding a +0 hand axe and wearing a +0 ring mail of cold resistance (severely wounded, extremely poisoned, 75% to hit)
The sting misses the orc priest.
The orc priest hits you with a +0 hand axe.
You die...

...# #..#.P._.P.#..# #.... ...#
##.#.P...P.#..# ###.# ...#
#.#.PP.P..#..# #.# #.##
#.#.......#..# #.# #.#
#.###'''###..# #.# #.#
#...#........# #.# #.#
#.#.#........# #.#####.#
#.#######.#.###......# #........
..........#.###.@....# #.####...
.............##o###### #...
.............##.# #...
#####......#.##.# #...
#......#..#.##### ###.
#......).)).....###..........
#####.......................####.
....#......#..#.#.#####. #.
###.#......#..#.#.# #.


You could see an orc priest (extremely poisoned).

Vanquished Creatures
  An orc priest (D:3)
  Jessica (D:3)
  Ijyb (D:3)
  4 adders
  A worm (D:3)
  2 dart slugs
  8 orcs (D:3)
  A bat (D:3)
  6 endoplasms
  3 giant cockroaches
  4 goblins
  3 hobgoblins
  2 kobolds
  4 quokkas (D:1)
  4 frilled lizards
  2 rats
47 creatures vanquished.

Vanquished Creatures (others)
  2 fungi (D:3)
2 creatures vanquished.

Grand Total: 49 creatures vanquished

Notes
Turn   | Place    | Note
-------+----------+-------------------------------------------
     0 | D:1      | Fortus the Formicid Venom Mage began the quest for the Orb.
     0 | D:1      | Reached XP level 1. HP: 13/13 MP: 3/3
    38 | D:1      | Found a faded altar of an unknown god.
   291 | D:1      | Reached XP level 2. HP: 14/19 MP: 1/5
   508 | D:1      | Learned a level 2 spell: Poisonous Vapours
   926 | D:1      | Reached XP level 3. HP: 23/24 MP: 2/7
  1382 | D:2      | Reached skill level 5 in Poison Magic
  1960 | D:3      | Noticed Ijyb
  2045 | D:3      | Killed Ijyb
  2046 | D:3      | Reached XP level 4. HP: 8/30 MP: 1/9
  2432 | D:3      | Found a blossoming altar of Fedhas.
  2444 | D:3      | Reached XP level 5. HP: 35/35 MP: 6/10
  2494 | D:3      | Reached skill level 1 in Axes
  2582 | D:3      | Reached skill level 1 in Fighting
  2660 | D:3      | Noticed Jessica
  2665 | D:3      | Killed Jessica
  2666 | D:3      | Reached skill level 6 in Poison Magic
  2671 | D:3      | Learned a level 4 spell: Olgreb's Toxic Radiance
  2973 | D:3      | Slain by an orc priest

Illustrated notes

Levels and vault maps discovered:
D:1:      scummos_arrival_simple_crosswalls, layout_basic,
          shapermc_ecumenical_altar_venn, corner_web_ring, grunt_decor_junction
D:2:      layout_loops_cross
D:3:      layout_basic, mainiacjoe_overflow_alcove_4,
          mainiacjoe_overflow_small_starburst, uniq_ijyb, uniq_jessica

Skill      XL: |  1  2  3  4  5 |
---------------+----------------+-----
Spellcasting   | 3 |  3.6
Poison Magic   | 5 6 |  6.0
Axes           | 2 |  2.0
Fighting       | 1 |  1.3
Dodging        | |  1.7
Stealth        | |  2.4
Transmutations | |  1.1

Action                   |  1- 3 |  4- 6 || total
-------------------------+-------+-------++-------
Melee: Dagger            |    29 |     3 ||    32
       Hand axe          |       |    40 ||    40
 Cast: Sting             |    54 |    40 ||    94
       Poisonous Vapours |     6 |     6 ||    12
Armor: Leather armour    |     7 |    15 ||    22
Dodge: Dodged            |    13 |    29 ||    42

Table legend: (Time is in decaauts)
 A = Elapsed time spent in this place.
 B = Non-inter-level travel time spent in this place.
 C = Inter-level travel time spent in this place.
 D = Time resting spent in this place.
 E = Time spent auto-exploring this place.
 F = Levels seen in this place.
 G = Mean time per level.
                   A        B        C        D        E       F      G
               +--------+--------+--------+--------+--------+-----+--------+
         Total |   2982 |   2917 |     65 |    229 |   2207 |   3 |  994.0 |
       Dungeon |   2982 |   2917 |     65 |    229 |   2207 |   3 |  994.0 |
               +--------+--------+--------+--------+--------+-----+--------+

Top non-repeatable levels by time:
     D:1: 1024 daAuts
     D:3: 991 daAuts
     D:2: 966 daAuts
